 Dungeon Crawl Stone Soup version 0.31-a0-426-g3a05650e59 (webtiles) character file.

Game seed: 1083153102749570520

359 bobo the Changeling (level 6, 0/51 HPs)
             Began as a Draconian Shapeshifter on July 31, 2023.
             Was an Initiate of Trog.
             Killed by divine providence
             ... invoked by an orc priest
              (12 damage)
             ... on level 5 of the Dungeon.
             The game lasted 00:07:34 (2133 turns).

bobo the Changeling (Draconian Shapeshifter)        Turns: 2133, Time: 00:07:35

Health: 0/51       AC: 10    Str: 19    XL:     6   Next: 37%
Magic:  6/6        EV: 12    Int:  8    God:    Trog [......]
Gold:   96         SH:  0    Dex: 12    Spells: 5/5 levels left

rFire   . .          .
                       - Unarmed
rCold   . . .        (no shield)
rNeg    . . .        (body armour unavailable)
rPois   .            (helmet currently unavailable)
rElec   .            (cloak currently unavailable)
rCorr   .            (gloves currently unavailable)
SInv    .            (boots currently unavailable)
Will    .....        (no amulet)
Stlth   +            c - +4 ring of protection
HPRegen 0.28/turn    (no ring)
MPRegen 0.10/turn

%: no passive effects
@: beast-form
A: beast (slay +3), AC +6, unfitting armour, cold-blooded
a: Begin Untransformation, Renounce Religion


You were on level 5 of the Dungeon.
You worshipped Trog.
Trog was noncommittal.
You were a hulking beast.
You visited 1 branch of the dungeon, and saw 4 of its levels.

You collected 148 gold pieces.
You spent 52 gold pieces at shops.

Inventory:

Jewellery
 c - a +4 ring of protection (left hand)
Talismans
 b - a beast talisman (active)
 l - a blade talisman
Wands
 k - a wand of flame (19)
Scrolls
 a - a scroll of blinking {unknown}
 e - a scroll of noise {unknown}
 g - a scroll of poison
 m - a scroll of fear {unknown}
Potions
 d - 2 potions of ambrosia
 f - a potion of mutation
 i - a potion of cancellation
 j - a potion of heal wounds


   Skills:
 + Level 3.6 Fighting
 - Level 2.7 Dodging
 + Level 4.4 Unarmed Combat
 * Level 4.4 Shapeshifting


You had 5 spell levels left.
You didn't know any spells.
Your spell library was empty.

Dungeon Overview and Level Annotations

Branches:
Dungeon (5/15)
 Temple: D:4-7

Altars:
Elyvilon
Fedhas
Trog

Shops:
D:1 *   D:4 [[?[

Annotations:
D:4 2 transporters, exclusion: ogre


Innate Abilities, Weirdness & Mutations

You are a hulking beast.
Your limbs bulge with bestial killing power. (Slay +3)
Your plain brown scales are hard. (AC +6)
You cannot fit into any form of body armour.
You are cold-blooded and may be slowed by cold attacks.


Message History

There is an entrance to a sewer on this level.
Hurry and find it before the portal rusts away!
You hear the slow rusting of a drain nearby.
The orc wizard shouts!
The jackal barks!
The ogre shouts!
The jackal barks!
An orc comes into view. It is wielding a +0 hand axe.
The jackal barks!
You hear a shout!
There is a stone staircase leading up here.
Okay, then.
Unknown command.
You punch the ogre!
The ogre is moderately wounded.
You hit the ogre.
Your tail-slap misses the ogre.
The ogre is moderately wounded.
The jackal closely misses you. The ogre misses you.
An orc priest comes into view. It is wielding a +0 war axe.
The jackal closely misses you.
The jackal bites you but does no damage.
The orc priest shouts!
You hit the ogre.
The ogre is moderately wounded.
An iguana comes into view.
The jackal bites you but does no damage. x2
The ogre hits you with a +0 giant club!
You punch the ogre!
The ogre is severely wounded.
The jackal closely misses you.
An orc priest comes into view. It is wielding a +0 flail.
The jackal closely misses you.
You hit the ogre.
The ogre is almost dead.
The jackal misses you. x2
The ogre hits you with a +0 giant club!!
* * * LOW HITPOINT WARNING * * *
The jackal barely misses you.
You barely miss the ogre.
The ogre is almost dead.
The jackal completely misses you.
The jackal bites you but does no damage.
The orc priest invokes the aid of Beogh against you.
Beogh smites you!
You die...

.....##
.......
.......
.......
.......
....... ##
.......#######
#.....hh.#
##...hOh....#
#....oo.....#
...#.....###.#
#......o.# #
..#l...... .
....##o. .....
...


You could see an ogre, an iguana, 2 orc priests, an orc wizard, an orc and 3
jackals.

Vanquished Creatures
  An ogre (D:4)
  A howler monkey (D:4)
  2 hounds
  Natasha (thrice) (D:2)
  4 adders
  2 worms
  9 ball pythons
  7 endoplasms
  2 giant cockroaches (D:1)
  5 goblins
  5 hobgoblins
  11 jackals
  4 quokkas (D:1)
  3 bats (D:1)
  A frilled lizard (D:1)
  4 kobolds
  5 rats
69 creatures vanquished.

Vanquished Creatures (others)
  A wizard (D:4)
1 creature vanquished.

Grand Total: 70 creatures vanquished

Notes
Turn   | Place    | Note
-------+----------+-------------------------------------------
     0 | D:1      | bobo the Draconian Shapeshifter began the quest for the
                  | Orb.
     0 | D:1      | Reached XP level 1. HP: 16/16 MP: 1/1
   209 | D:1      | Reached XP level 2. HP: 23/23 MP: 2/2
   410 | D:1      | Found Hamiwk's General Store.
   413 | D:1      | Bought a scroll of identify for 26 gold pieces
   414 | D:1      | Bought a scroll of identify for 26 gold pieces
   493 | D:1      | Reached XP level 3. HP: 19/29 MP: 3/3
   763 | D:2      | Noticed Natasha
   776 | D:2      | Killed Natasha
   849 | D:2      | Noticed Natasha
   862 | D:2      | Killed Natasha
   863 | D:2      | Reached XP level 4. HP: 11/37 MP: 4/4
  1154 | D:2      | Noticed Natasha
  1162 | D:2      | Killed Natasha
  1362 | D:2      | Reached XP level 5. HP: 39/42 MP: 5/5
  1378 | D:2      | You fall into a shaft and drop 2 floors!
  1380 | D:4      | Noticed an ogre
  1387 | D:4      | Found a bloodstained altar of Trog.
  1389 | D:4      | Noticed a wizard
  1396 | D:4      | Found Fibroeck's Antique Armour Shop.
  1396 | D:4      | Killed a wizard
  1416 | D:4      | Became a worshipper of Trog the Wrathful
  1429 | D:4      | Found Meerghyzusm's Antique Armour Shop.
  1466 | D:4      | Found a transporter.
  1468 | D:4      | Found Yrigriq's Magic Scroll Shoppe.
  1518 | D:4      | Found a transporter.
  1529 | D:4      | Identified the +0 scale mail of Nuykiv {Harm rC+ Dex+3}
  1540 | D:4      | Noticed an ogre
  1549 | D:4      | Killed an ogre
  1680 | D:4      | Found Giataz's Armour Shoppe.
  1731 | D:4      | Found Vimu Tim's Jewellery Boutique.
  1825 | D:4      | Found a white marble altar of Elyvilon.
  1825 | D:4      | Found a blossoming altar of Fedhas.
  1991 | D:5      | Entered Level 5 of the Dungeon
  2001 | D:4      | Reached XP level 6. HP: 48/51 MP: 6/6
  2133 | D:5      | Killed from afar by an orc priest

Illustrated notes

Levels and vault maps discovered:
D:1:      lemuel_arrival_room, layout_rooms, serial_shops,
          nicolae_shop_behind_doors, st_stairs_2, hangedman_glass_teeth,
          minmay_misc_feat_rugged
D:2:      layout_loops_ring, supply_closet_lemuel, uniq_natasha
D:4:      layout_rooms, trog_wizard, gammafunk_temple_overflow_elements,
          serial_glass, glass_columns_a, glass_columns_c, serial_shops,
          nicolae_shop_drivethru, shop, shop, nicolae_shop_getting_attention,
          shop
D:5:      layout_cave_pools, mainiacjoe_overflow_concentric_impassable,
          nicolae_overflow_hidden_temple, lightli_sewer_entry_pipes

Skill      XL: |  1  2  3  4  5 |
---------------+----------------+-----
Dodging        | 2 |  2.7
Fighting       | 2 3 |  3.6
Unarmed Combat | 4 |  4.4
Shapeshifting  | 4 |  4.4

Action                     |  1- 3 |  4- 6 || total
---------------------------+-------+-------++-------
  Melee: Unarmed           |    96 |   102 ||   198
         Tailslap          |    10 |     7 ||    17
         Punch             |     1 |     2 ||     3
    Use: Scroll            |     3 |     3 ||     6
         Potion            |     1 |     1 ||     2
   Stab: Sleeping          |       |     3 ||     3
 Armour: Skin              |    46 |    53 ||    99
  Dodge: Dodged            |    59 |    89 ||   148

Table legend: (Time is in decaauts)
 A = Elapsed time spent in this place.
 B = Non-inter-level travel time spent in this place.
 C = Inter-level travel time spent in this place.
 D = Time resting spent in this place.
 E = Time spent auto-exploring this place.
 F = Levels seen in this place.
 G = Mean time per level.
                   A        B        C        D        E       F      G
               +--------+--------+--------+--------+--------+-----+--------+
         Total |   2131 |   2087 |     44 |    137 |   1483 |   4 |  532.8 |
       Dungeon |   2131 |   2087 |     44 |    137 |   1483 |   4 |  532.8 |
               +--------+--------+--------+--------+--------+-----+--------+

Top non-repeatable levels by time:
     D:4: 739 daAuts
     D:1: 710 daAuts
     D:2: 665 daAuts
     D:5: 16 daAuts
